 Dungeon Sprint DCSS version bcrawl-1.40.3b (webtiles) character file.

Game seed: 11761080312074493406

1100000 Groucho the Grasshopper (level 1, -12/17 HPs)
             Began as a Djinni Warper on Dec 7, 2023.
             Was an Initiate of Makhleb.
             Mangled by a bag of meat
             ... wielding a +9 war axe
              (29 damage)
             ... in the Dungeon (Sprint VIII: "Arena of Blood").
             The game lasted 00:01:16 (11 turns).

Groucho the Grasshopper (Djinni Warper)               Turns: 11, Time: 00:01:17

Health: -12/17     AC:  2    Str: 13    XL:     1   Next: 0%
Magic:  4/4        EV: 12    Int: 15    God:    Makhleb [......]
Gold:   0          SH:  0    Dex: 10    Spells: 4/6 levels left

rFire    . . .     GDR:     22% d - +∞ Axe of Woe
rCold    . . .     SeeInvis .   (shield currently unavailable)
rNeg     . . .     Gourm    .   c - +0 robe
rPois    .         Faith    .   (no helmet)
rElec    .         Spirit   .   (no cloak)
rCorr    .         Reflect  .   (no gloves)
MR       .....     Rnd*Rage +   (boots unavailable) Stlth +.........NoTele +
                                (no amulet)
HPRegen  0.12/turn              (no ring)
MPRegen  0.09/turn              (no ring)

@: flying
A: never pass out, berserk 2, blurry vision 2, wild magic 1, MP-powered wands,
floating
a: Renounce Religion


You were in the Dungeon.
You worshipped Makhleb.
Makhleb was noncommittal.
You were not hungry.

You visited 1 branch

Inventory:

Hand Weapons
 a - a +0 hunting sling
 b - a +0 dagger
 d - the +∞ Axe of Woe (weapon)
   (You found it in the Dungeon)
Missiles
 f - 240 sling bullets
Armour
 c - a +0 robe (worn)
Scrolls
 g - 2 scrolls of blinking
Potions
 h - a potion of curing
 i - a potion of heal wounds
 j - a potion of haste
 k - 2 potions of magic
 l - a potion of berserk rage
Comestibles
 e - a ration {!d}


   Skills:
 - Level 2.1 Fighting
 * Level 0.0 Axes
 - Level 1.7 Slings
 * Level 2.0 Dodging
 + Level 0.0 Stealth
 - Level 3.0 Spellcasting
 - Level 3.6 Translocations


You had 4 spell levels left.
You knew the following spells:

 Your Spells              Type           Power        Failure   Level  Hunger
a - Blink Other           Tloc           ###...       8%          1    None
b - Apportation           Tloc           ###...       8%          1    None

Your spell library contained the following spells:

 Spells                   Type           Power        Failure   Level  Hunger
 Blink                    Tloc           N/A          11%         2    #......
 Portal Projectile        Tloc           ###...       21%         3    ####...
 Teleport Other           Tloc           ###.....     21%         3    ####...
 Passage of Golubria      Tloc           N/A          83%         5    ######.


Dungeon Overview and Level Annotations

Branches:
Dungeon (1/1)

Altars:
Makhleb


Innate Abilities, Weirdness & Mutations

You never pass out after going berserk.
You often lose your temper in combat.
Scrolls take you longer to read.
Your spells are a little harder to cast, but a little more powerful.
You expend magic power (3 MP) to strengthen your wands.
Your body floats in the air.


Message History

The bag of meat shouts!
You hear a shout! x4
A bag of meat comes into view. It is wielding a +9 war axe.
You hear a shout!
A meat berserker comes into view. It is wielding a +9 battleaxe.
You hear a shout! x3
No path to travel!
No path to travel!
You slash the bag of meat! You chop the bag of meat into pieces.
You kill the bag of meat!
Makhleb accepts your kill.
The bag of meat appears out of thin air!
A bag of meat comes into view. It is wielding a +9 war axe.
The bag of meat shouts!
You hear a shout! x10
A bag of meat comes into view. It is wielding a +9 war axe.
You hear a shout! x3
A bag of meat comes into view. It is wielding a +9 war axe.
You hear a shout! x2
The bag of meat hits you with a +9 war axe!!
Ouch! That really hurt!
You die...

. #... ..#
..###... ...###...
......###........
...o._.........
#....o# .O...
#_.<._#....oo
...#.....#......
..o....Oo........
..O...###@.......
..###.....).###...
. #.....o.#
#.......#
..........
.....ooOo..
.......o...
..........##


You could see a large bag of meat (inner flame), 2 meat berserkers and 11 bags
of meat.

Vanquished Creatures
  An orc (D)
1 creature vanquished.

Notes
Turn   | Place    | Note
-------+----------+-------------------------------------------
     0 | D        | Found the +∞ Axe of Woe
     0 | D        | Groucho the Djinni Warper began the quest for the Orb.
     0 | D        | Reached XP level 1. HP: 17/17 MP: 4/4
     2 | D        | Noticed a bag of meat
     4 | D        | Became a worshipper of Makhleb the Destroyer
     4 | D        | Noticed a bag of meat
     5 | D        | Noticed a bag of meat
     6 | D        | Noticed a bag of meat
     7 | D        | Noticed a meat berserker
     8 | D        | Noticed a bag of meat
     8 | D        | Noticed a bag of meat
     9 | D        | Noticed a bag of meat
     9 | D        | Noticed a bag of meat
     9 | D        | Noticed a bag of meat
     9 | D        | Noticed a large bag of meat
    10 | D        | Noticed a bag of meat
    10 | D        | Noticed a bag of meat
    10 | D        | Noticed a meat berserker
    11 | D        | Killed a bag of meat
    11 | D        | Noticed a bag of meat
    11 | D        | Noticed a bag of meat
    11 | D        | Noticed a bag of meat
    11 | D        | Mangled by a bag of meat

Action                   || total
-------------------------++-------
Melee: Executioner's axe ||     1
